 Dungeon Crawl Stone Soup version 0.30-a0-916-g9813417 (webtiles) character file.

Game seed: 16967303505469450573

7253 Dorkslayer the Blocker (level 11, -3/68 HPs)
             Began as a Gargoyle Fighter on Apr 17, 2023.
             Was an Initiate of Gozag.
             Slain by a two-headed ogre
             ... wielding a +0 giant club
              (6 damage)
             ... on level 9 of the Dungeon.
             The game lasted 00:47:45 (8647 turns).

Dorkslayer the Blocker (Gargoyle Fighter)           Turns: 8647, Time: 00:47:46

Health: -3/68      AC: 25    Str: 21    XL:     11   Next: 12%
Magic:  11/11      EV:  7    Int: 10    God:    Gozag
Gold:   1583       SH:  6    Dex: 11    Spells: 10/10 levels left

rFire   + . .      SeeInvis .    a - +1 war axe (vamp)
rCold   . . .      Faith    .    c - +0 buckler
rNeg    + . .      Spirit   .    b - +0 plate armour
rPois   ∞          Reflect  .    (no helmet)
rElec   +          Rampage  .    B - scarf {repulsion}
rCorr   .                        n - +0 pair of gloves
Will    .....                    l - +1 pair of boots Stlth
                                 r - amulet of regeneration
HPRegen 1.11/turn                v - ring of protection from fire
MPRegen 0.12/turn                (no ring)

@: studying 2 skills, repel missiles
A: sickness immunity, AC +8, negative energy resistance 1, electricity
resistance, torment resistance 1, petrification resistance
a: Renounce Religion, Potion Petition, Call Merchant, Bribe Branch


You were on level 9 of the Dungeon.
You worshipped Gozag.
Gozag was most pleased with you.
You visited 2 branches of the dungeon, and saw 10 of its levels.
You also visited: Ossuary and Bailey.

You collected 1714 gold pieces.
You paid 131 gold pieces to Gozag.

Inventory:

Hand Weapons
 a - a +1 vampiric war axe (weapon)
 t - a +0 heavy war axe
 w - a +3 scimitar of flaming
Missiles
 s - 2 throwing nets
 y - 4 boomerangs
 F - 2 curare-tipped darts (quivered)
Armour
 b - a +0 plate armour (worn)
 c - a +0 buckler (worn)
 l - a +1 pair of boots (worn)
 n - a +0 pair of gloves (worn)
 B - a scarf of repulsion (worn)
Jewellery
 r - an amulet of regeneration (around neck)
 v - a ring of protection from fire (left hand)
Wands
 i - a wand of iceblast (23)
 o - a wand of paralysis (10)
 u - a wand of flame (48)
 I - a wand of polymorph (2)
Scrolls
 d - 2 scrolls of blinking
 e - 3 scrolls of magic mapping
 k - 4 scrolls of enchant armour
 m - 3 scrolls of fog
 E - a scroll of silence
 G - a scroll of amnesia
 H - a scroll of enchant weapon
Potions
 f - 3 potions of ambrosia
 g - a potion of mutation
 h - 3 potions of brilliance
 j - 5 potions of lignification
 p - a potion of haste
 q - 4 potions of resistance
 x - 2 potions of degeneration {unknown}
 z - 2 potions of cancellation {unknown}
 A - 2 potions of magic
 C - a potion of heal wounds
 D - 2 potions of attraction {unknown}
Miscellaneous
 J - a lightning rod (4/4)


   Skills:
 * Level 7.7 Fighting
 + Level 7.1 Axes
 * Level 9.1 Armour
 + Level 4.5 Dodging
 + Level 2.9 Stealth
 * Level 9.6 Shields
 * Level 6.5 Evocations


You had 10 spell levels left.
You didn't know any spells.
Your spell library contained the following spells:

 Spells                   Type           Power      Damage    Failure   Level
 Apportation              Tloc           0%         N/A       100%        1
 Magic Dart               Conj           0%         1d3       100%        1
 Necrotise                Necr           0%         1d4       100%        1
 Sting                    Tmut/Pois      0%         1d3       100%        1
 Summon Small Mammal      Summ           0%         N/A       100%        1
 Call Imp                 Summ           0%         N/A       100%        2
 Poisonous Vapours        Pois/Air       0%         N/A       100%        2
 Call Canine Familiar     Summ           0%         N/A       100%        3
 Frozen Ramparts          Ice            0%         1d1       100%        3
 Gell's Gravitas          Tloc           0%         N/A       100%        3
 Inner Flame              Hex/Fire       0%         N/A       100%        3
 Mephitic Cloud           Conj/Pois/Air  0%         N/A       100%        3
 Portal Projectile        Hex/Tloc       0%         N/A       100%        3
 Stone Arrow              Conj/Erth      0%         3d7       100%        3
 Teleport Other           Tloc           0%         N/A       100%        3
 Tukima's Dance           Hex            0%         N/A       100%        3
 Animate Armour           Summ/Erth      0%         N/A       100%        4
 Flame Wave               Conj/Fire      0%         2d4       100%        4
 Ice Form                 Ice/Tmut       0%         N/A       100%        4
 Leda's Liquefaction      Hex/Erth       0%         N/A       100%        4
 Olgreb's Toxic Radiance  Pois           0%         N/A       100%        4
 Petrify                  Tmut/Erth      0%         N/A       100%        4
 Sticky Flame             Conj/Fire      0%         2d3       100%        4
 Summon Ice Beast         Ice/Summ       0%         N/A       100%        4
 Blade Hands              Tmut           0%         N/A       100%        5
 Irradiate                Conj/Tmut      0%         3d11      100%        5
 Dispersal                Tloc           0%         N/A       100%        6
 Lehudib's Crystal Spear  Conj/Erth      0%         10d2      100%        8
 Sublimation of Blood     Necr           Unusable   N/A       N/A         2

Dungeon Overview and Level Annotations

Branches:
Dungeon (9/15)             Temple (1/1) D:6            Lair (0/5) D:8
Ossuary (visited)          Bailey (visited)
    Orc: D:9-12

Altars:
Ashenzari
Dithmenos
Elyvilon
Fedhas
Gozag
Hepliaklqana
Kikubaaqudgha
Makhleb
Nemelex Xobeh
Okawaru
Qazlal
Ru
Sif Muna
Trog
Uskayaw
Vehumet
Wu Jian
Xom
Yredelemnul
Zin
The Shining One

Shops:
D:6 (

Annotations:
D:9 2 transporters, Dega's ghost, novice SpHu


Innate Abilities, Weirdness & Mutations

You are immune to sickness and miasma.
Your stone body is resilient. (AC +8)
You are immune to poison.
You resist negative energy. (rN+)
You are resistant to electric shocks. (rElec)
You are resistant to unholy torment.
You are immune to petrification.


Message History

You block the two-headed ogre's attack. The two-headed ogre barely misses you.
You hit the two-headed ogre.
You feel better.
The two-headed ogre is moderately wounded.
The two-headed ogre hits you but does no damage. x2
You closely miss the two-headed ogre.
The two-headed ogre is moderately wounded.
The two-headed ogre hits you but does no damage.
The two-headed ogre hits you with a +0 giant club.
You slash the two-headed ogre!
The two-headed ogre is heavily wounded.
You barely miss the two-headed ogre.
The two-headed ogre is heavily wounded.
The two-headed ogre hits you but does no damage.
The two-headed ogre barely misses you.
You hit the two-headed ogre.
You feel better.
The two-headed ogre is severely wounded.
The two-headed ogre barely misses you. You block the two-headed ogre's attack.
You hit the two-headed ogre.
You feel better.
The two-headed ogre is severely wounded.
The two-headed ogre hits you with a +0 giant club!
The two-headed ogre completely misses you.
You hit the two-headed ogre.
You feel better.
The two-headed ogre is severely wounded.
You slash the two-headed ogre!
You feel better.
The two-headed ogre is almost dead.
The two-headed ogre hits you with a +0 giant club!!
* * * LOW HITPOINT WARNING * * *
The two-headed ogre hits you but does no damage.
You hit the two-headed ogre but do no damage.
The two-headed ogre is almost dead.
The two-headed ogre hits you with a +0 giant club!
* * * LOW HITPOINT WARNING * * *
The two-headed ogre hits you with a +0 giant club!
* * * LOW HITPOINT WARNING * * *
You barely miss the two-headed ogre.
The two-headed ogre is almost dead.
The two-headed ogre hits you but does no damage.
The two-headed ogre hits you with a +0 giant club.
You die...
Your body crumbles into a pile of gold. #.......#.'.......... .. ..# #.......###.......... .##..# #.......# ###'####### #..#.# ##'###### #...## #..#.# #..# ###..# .##O.# #####'###### #.# [WOOO##

#..........# ##.###
####### #....O.....#
#....## ©.....#
##..>..@....# #......
......##..+..........+.
#....#.
.........##..........##.
#....##
#.....#####.....$....#
#.##....# ###.###
#..........# #.......#
###.# #..........#
####....# #...#
########+### ##.###
..### #..# ####### #<##


You could see a two-headed ogre.

Vanquished Creatures
  A boulder beetle (D:9)
  Erica (D:8)
  An orc knight (Bailey)
  Prince Ribbit (D:7)
  The ghost of Dorkslayer the Trooper, an amateur GrFi (D:5)
  A wyvern (D:8)
  2 steam dragons
  2 water moccasins (D:7)
  11 orc warriors
  An ice beast (D:6)
  3 sky beasts
  An ogre (D:4)
  4 centaurs
  3 bullfrogs (D:7)
  4 kobold brigands
  2 scorpions
  2 gnoll sergeants
  8 wights
  9 killer bees
  A howler monkey (D:8)
  2 bullfrog zombies (D:5)
  3 jellies
  3 orc priests
  4 hounds
  A sleepcap (D:6)
  A centaur skeleton (D:5)
  3 iguanas
  Jessica (D:2)
  Ijyb (D:3)
  Natasha (twice) (D:2)
  6 orc wizards
  3 mummies (Ossuary)
  9 adders
  17 gnolls
  A shadow imp (D:8)
  A white imp (D:5)
  2 ufetubi
  3 adder zombies (Ossuary)
  2 worms
  2 dart slugs (D:2)
  33 orcs
  A ball python (D:2)
  9 bats
  4 endoplasms
  2 giant cockroaches
  11 goblins
  7 hobgoblins
  5 quokkas
  10 frilled lizards
  A gnoll zombie (Ossuary)
  4 goblin zombies (Ossuary)
  4 hobgoblin zombies (Ossuary)
  29 kobolds
  A kobold zombie (Ossuary)
  An orc zombie (Ossuary)
  2 quokka zombies (Ossuary)
  10 rats
  2 rat zombies (Ossuary)
  A spectral orc (D:3)
263 creatures vanquished.

Vanquished Creatures (others)
  A jelly (D:5)
  8 plants (D:6)
9 creatures vanquished.

Grand Total: 272 creatures vanquished

Notes
Turn   | Place    | Note
-------+----------+-------------------------------------------
     0 | D:1      | Dorkslayer the Gargoyle Fighter began the quest for the
                  | Orb.
     0 | D:1      | Reached XP level 1. HP: 14/14 MP: 1/1
   147 | D:1      | Reached XP level 2. HP: 19/19 MP: 2/2
   640 | D:2      | Reached XP level 3. HP: 23/23 MP: 3/3
   651 | D:2      | Noticed Jessica
   668 | D:2      | Killed Jessica
   669 | D:2      | Reached skill level 1 in Dodging
   669 | D:2      | Reached XP level 4. HP: 28/29 MP: 4/4
   853 | D:2      | Reached XP level 5. HP: 33/33 MP: 5/5
  1309 | D:2      | Noticed Natasha
  1322 | D:2      | Killed Natasha
  1422 | D:2      | Noticed Natasha
  1428 | D:2      | Killed Natasha
  1684 | D:3      | Reached XP level 6. HP: 38/38 MP: 6/6
  2032 | D:3      | Found a white marble altar of Elyvilon.
  2124 | D:3      | Found a faded altar of an unknown god.
  2214 | D:3      | Noticed Ijyb
  2230 | D:3      | Killed Ijyb
  2423 | D:3      | Found a hazy altar of Hepliaklqana.
  2688 | D:4      | Reached skill level 1 in Evocations
  2916 | D:4      | Reached XP level 7. HP: 44/44 MP: 7/7
  3259 | D:5      | Entered Level 5 of the Dungeon
  3372 | D:5      | Reached skill level 5 in Armour
  3413 | D:5      | Reached skill level 5 in Shields
  3423 | D:5      | Reached skill level 5 in Fighting
  3473 | D:5      | Found a shadowy altar of Dithmenos.
  3562 | D:5      | Found a runed translucent gate.
  3562 | D:5      | Found a runed translucent gate.
  3562 | D:5      | Found a runed translucent gate.
  3563 | D:5      | Noticed Dorkslayer's ghost (amateur GrFi)
  3617 | D:5      | Reached XP level 8. HP: 30/49 MP: 8/8
  3622 | D:5      | Killed Dorkslayer's ghost
  3776 | D:5      | Found a sacrificial altar of Ru.
  3896 | D:6      | Found a sparkling altar of Nemelex Xobeh.
  3939 | D:6      | Found a radiant altar of Vehumet.
  3976 | D:6      | Found a staircase to the Ecumenical Temple.
  4004 | Temple   | Entered the Ecumenical Temple
  4004 | Temple   | Found a transporter.
  4004 | Temple   | Found a transporter.
  4006 | Temple   | Found a transporter.
  4006 | Temple   | Found a transporter.
  4030 | Temple   | Became a worshipper of Gozag Ym Sagoz the Greedy
  4304 | D:6      | Found Yteniar's Antique Weapon Boutique.
  4322 | D:6      | Reached XP level 9. HP: 55/55 MP: 9/9
  5157 | D:7      | Found a flagged portal.
  5168 | Bailey   | Entered a bailey
  5357 | Bailey   | Reached skill level 5 in Evocations
  5539 | Bailey   | Noticed an orc knight
  5543 | Bailey   | Reached skill level 5 in Axes
  5554 | Bailey   | Killed an orc knight
  5555 | Bailey   | Reached skill level 1 in Stealth
  5555 | Bailey   | Reached XP level 10. HP: 50/61 MP: 10/10
  6571 | D:7      | Noticed Prince Ribbit
  6590 | D:7      | Killed Prince Ribbit
  6811 | D:8      | Found a sand-covered staircase.
  6818 | Ossuary  | Entered an ossuary
  7365 | D:8      | Noticed Erica
  7389 | D:8      | Killed Erica
  7850 | D:8      | Found a staircase to the Lair.
  8145 | D:9      | Noticed a boulder beetle
  8176 | D:9      | Killed a boulder beetle
  8177 | D:9      | Reached XP level 11. HP: 68/68 MP: 11/11
  8224 | D:9      | Found a transporter.
  8229 | D:9      | Noticed Dega's ghost (novice SpHu)
  8230 | D:9      | Found a transporter.
  8230 | D:9      | Noticed a two-headed ogre
  8230 | D:9      | Noticed a two-headed ogre
  8231 | D:9      | Noticed a two-headed ogre
  8231 | D:9      | Noticed a two-headed ogre
  8629 | D:9      | Noticed a two-headed ogre
  8646 | D:9      | HP: 1/68 [two-headed ogre/+0 giant club (9)]
  8647 | D:9      | Slain by a two-headed ogre

Illustrated notes

Levels and vault maps discovered:
D:1:      onia_arrival_handbag, layout_loops_ring, solitary_fountain,
          minivault_27
D:2:      layout_basic, minmay_joined_circles, uniq_natasha, uniq_jessica
D:3:      layout_basic, elyvilon_altar_5,
          nicolae_hepliaklqana_monster_ancestors, ebering_ecumenical_altar_box,
          uniq_ijyb
D:4:      layout_cave_pools
D:5:      layout_basic, nicolae_ru_awakened_eye, mainiacjoe_overflow_alcove_2,
          gammafunk_ghost_necromancy
D:6:      layout_basic, nemelex_diamond_rough_becter, vehumet_altar_wand_db,
          minmay_temple_entry_arrows, serial_shops, shop, minmay_lizard_king
D:7:      layout_layer_cave, enter_bailey_3, minmay_fractal_squares_gapless_5,
          uniq_prince_ribbit1
D:8:      layout_basic, lair_entry_dummy, nicolae_ossuary_entry_monument,
          uniq_erica
D:9:      layout_roguey, gammafunk_ghost_smash
Temple:   hellmonk_temple_divided_pantheon

Skill      XL: |  1  2  3  4  5  6  7  8  9 10 11 |
---------------+----------------------------------+-----
Axes           | 2 3 4 5 6 7 |  7.1
Dodging        | 1 2 3 4 |  4.5
Armour         | 4 5 7 9 |  9.1
Shields        | 4 5 6 8 9 |  9.6
Fighting       | 4 5 6 7 |  7.7
Evocations     | 1 2 4 5 6 |  6.5
Stealth        | 1 2 |  2.9

Action                     |  1- 3 |  4- 6 |  7- 9 | 10-12 || total
---------------------------+-------+-------+-------+-------++-------
  Melee: War axe           |    62 |   190 |   344 |   325 ||   921
  Throw: Boomerang         |       |       |     4 |       ||     4
         Dart              |       |       |       |     1 ||     1
  Evoke: Wand              |       |     1 |     6 |     4 ||    11
    Use: Scroll            |       |     7 |    11 |     5 ||    23
         Potion            |       |     1 |     8 |     4 ||    13
   Stab: Invisible         |       |       |     9 |       ||     9
         Paralysed         |       |       |     7 |     6 ||    13
 Armour: Scale mail        |    57 |   118 |   297 |       ||   472
         Plate armour      |       |       |    12 |   306 ||   318
         Chain mail        |       |       |    10 |       ||    10
  Dodge: Dodged            |    35 |   100 |   254 |   110 ||   499
         Repelled          |       |       |       |     2 ||     2
  Block: Buckler           |    12 |    60 |   115 |   124 ||   311

Table legend: (Time is in decaauts)
 A = Elapsed time spent in this place.
 B = Non-inter-level travel time spent in this place.
 C = Inter-level travel time spent in this place.
 D = Time resting spent in this place.
 E = Time spent auto-exploring this place.
 F = Levels seen in this place.
 G = Mean time per level.
                   A        B        C        D        E       F      G
               +--------+--------+--------+--------+--------+-----+--------+
         Total |   8952 |   8952 |      0 |    117 |   3205 |  12 |  746.0 |
       Dungeon |   8274 |   8274 |      0 |    106 |   3204 |   9 |  919.3 |
        Temple |     44 |     44 |      0 |      0 |      0 |   1 |   44.0 |
       Ossuary |    203 |    203 |      0 |      0 |      0 |   1 |  203.0 |
        Bailey |    430 |    430 |      0 |     11 |      1 |   1 |  430.0 |
               +--------+--------+--------+--------+--------+-----+--------+

Top non-repeatable levels by time:
     D:7: 1366 daAuts
     D:8: 1146 daAuts
     D:6: 1144 daAuts
     D:2: 1124 daAuts
     D:3: 935 daAuts
     D:4: 709 daAuts
     D:5: 661 daAuts
     D:1: 605 daAuts
     D:9: 580 daAuts
  Bailey: 430 daAuts
 Ossuary: 203 daAuts
  Temple: 44 daAuts
